AoeStats
← SimonTheAoENoob

Arena

507666000Analyzed
1v1 RM · 14d ago on Sep 19, 2026· 49m 39s· 2 players
Game mode
Random Map
Map size
Tiny (2 player)
Population
200
Speed
Normal
Resources
Standard
Victory
Conquest
Starting age
Dark Age
Ending age
Imperial Age
RankedLock teamsTeams togetherTeam positionsShared explorationLock speedFull tech treeHidden civsTurbo modeCheats
Victory
Defeat
🇱🇹 Burgundians · Lithuania
847
+17
🇪🇸 Lithuanians · Spain
867
-17
SimonTheAoENoob
10:49 Feudal Age
9:33 Double-Bit Axe
9:53 Horse Collar
18:26 Castle Age
17:15 Loom
18:21 Man-at-Arms
29:32 Wheelbarrow
28:43 Town Watch
35:05 Imperial Age
33:10 Pikeman
33:57 Fletching
35:18 Gold Mining
35:46 Burgundian Vineyards
36:20 Squires
36:23 Halberdier
38:41 Chemistry
39:13 Hand Cart
39:12 Bow Saw
40:03 Long Swordsman
40:08 Elite Skirmisher
44:39 Light Cavalry
47:02 Husbandry
coen.hendriks
4:48 Loom
11:35 Feudal Age
12:43 Double-Bit Axe
17:52 Castle Age
16:28 Stone Mining
16:38 Horse Collar
17:36 Gold Mining
18:49 Heavy Plow
19:15 Pikeman
22:51 Fletching
25:21 Bodkin Arrow
33:18 Imperial Age
32:49 Scale Barding Armor
35:05 Chemistry
34:29 Bracer
34:56 Ballistics
37:28 Halberdier
38:09 Squires
41:24 Forging
41:14 Scale Mail Armor
43:12 Bloodlines
44:46 Elite Leitis
47:33 Elite Skirmisher
48:22 Padded Archer Armor
48:38 Bow Saw
Connection lost

Rejoining the realm…

Still unreachable

The connection could not be restored.

Session expired

The server has moved on; the page needs a fresh start.